cohdb
Replays
Latest Replays
All Replays
Popular Replays
Top Player Replays
Match Explorer
How It Works
Community
CoH3 Stats
Reddit
Sign in to upload your games and track your stats! →
Sign in with Steam
Match 45745467
Unlisted
Match 45745467
Overview
Messages
Build Orders
End
Scout Squad
Selects Airborne Battlegroup
Selects Pathfinders
Construct Weapon Support Center
Engineer Squad
M1919 Machine Gun Team
Bazooka Squad
Construct Medical Station
Selects Paratrooper Squad Paradrop
Paratrooper Squad Paradrop
Selects Anti-tank Gun Team Paradrop
Anti-tank Gun Team Paradrop
M1919 Machine Gun Team
Paratrooper Squad Paradrop
Infantry Support Center
Selects Recon Loiter
Selects Supply Drop
Construct Tank Depot
Supply Drop
M1919 Machine Gun Team
Paratrooper Squad Paradrop
Supply Drop
Selects Carpet Bombing Run
Carpet Bombing Run
Anti-tank Gun Team Paradrop
Supply Drop
Carpet Bombing Run
Pathfinder Squad
Supply Drop
帕鲁与邦布
CannonFodder
godsarmylds
[TRTL]LittleDADDY96
nub
oziligath
皮皮
asdhhklf
0
0
Comments
sign in to comment!
No comments posted yet!